 Dungeon Crawl Stone Soup version 0.19.1-1-g22dce08 (webtiles) character file.

3977 Peloso the Carver (level 10, -11/84 HPs)
             Began as a Ghoul Gladiator on Dec 31, 2016.
             Was a Priest of Okawaru.
             Mangled by a hill giant
             ... wielding a +0 giant club
              (25 damage)
             ... on level 7 of the Dungeon.
             The game lasted 00:30:28 (6660 turns).

Peloso the Carver (Ghoul Gladiator)                 Turns: 6660, Time: 00:30:29

Health: -11/84     AC: 12    Str: 20    XL:     10   Next: 22%
Magic:  9/9        EV:  7    Int:  3    God:    Okawaru [***...]
Gold:   467        SH: 10    Dex: 12    Spells: 0 memorised, 9 levels left

rFire  . . .     SeeInvis +     M - +5 falchion
rCold  + . .     Gourm    .     u - +0 chain mail
rNeg   + + +     Faith    .     B - +0 shield
rPois  ∞         Spirit   .     c - +0 helmet
rElec  .         Reflect  .     (no cloak)
rCorr  +         Harm     .     F - +0 pair of gloves
MR     .....                    (no boots)
Stlth  ..........               t - amulet of regeneration
                                K - ring of see invisible
                                g - ring of resist corrosion

@: rotting
A: rotting body, claws 1, carnivore 3, cold resistance 1, negative energy
resistance 3, slow regeneration 1, torment resistance, unbreathing
a: Heroism, Renounce Religion


You were on level 7 of the Dungeon.
You worshipped Okawaru.
Okawaru was most pleased with you.
You were not hungry.

You visited 2 branches of the dungeon, and saw 8 of its levels.
You also visited: Ossuary.

You collected 467 gold pieces.

Inventory:

Hand Weapons
 a - a +0 long sword
 M - a +5 falchion (weapon)
 N - a +2 hand axe
 P - a +1 whip of flaming
Missiles
 d - 4 throwing nets (quivered)
Armour
 c - a +0 helmet (worn)
 u - a +0 chain mail (worn)
 B - a +0 shield (worn)
 F - a +0 pair of gloves (worn)
Jewellery
 g - a ring of resist corrosion (left hand)
 l - an uncursed amulet of the gourmand
 t - an amulet of regeneration (around neck)
 K - a ring of see invisible (right hand)
Wands
 o - a wand of paralysis (10/24)
Scrolls
 b - 2 scrolls of fear {unknown}
 e - 4 scrolls of magic mapping
 j - a scroll of noise {unknown}
 q - a scroll of immolation {unknown}
 r - 4 scrolls of remove curse
 s - 3 scrolls of recharging
 v - a scroll of amnesia {unknown}
 w - 3 scrolls of teleportation
 y - a scroll of random uselessness {unknown}
 A - a scroll of enchant armour {unknown}
 C - a scroll of enchant weapon {unknown}
 D - 2 scrolls of fog {unknown}
 L - 2 scrolls of identify
 Q - a scroll of acquirement {unknown}
Potions
 k - a potion of ambrosia {unknown}
 m - 7 potions of curing
 n - a potion of agility {unknown}
 p - a potion of flight {unknown}
 x - a potion of cancellation {unknown}
 z - a potion of berserk rage {unknown}
 E - a potion of resistance {unknown}
 I - a potion of cure mutation {unknown}
 J - 3 potions of heal wounds {unknown}
 O - a potion of brilliance {unknown}
 R - a potion of lignification {unknown}
Books
 G - a book of Cantrips

   Spells                             Type                      Level
   a - Confusing Touch                Hexes                        1
   b - Animate Skeleton               Necromancy                   1
   c - Summon Small Mammal            Summoning                    1
   d - Apportation                    Translocation                1
Comestibles
 f - 2 meat rations
 h - 2 royal jellies
 i - a beef jerky
 H - 11 chunks of flesh


   Skills:
 + Level 6.5 Fighting
 + Level 9.5 Long Blades
 + Level 2.0 Throwing
 + Level 5.1 Armour
 + Level 3.8 Dodging
 + Level 2.4 Stealth
 + Level 4.8 Shields


You had 9 spell levels left.
You didn't know any spells.

Dungeon Overview and Level Annotations

Branches:
Dungeon (7/15)             Temple (1/1) D:4

Altars:
Ashenzari
Elyvilon
Fedhas
Nemelex Xobeh
Okawaru
Qazlal
Ru
Sif Muna
Vehumet
Xom
Yredelemnul
Zin
The Shining One


Innate Abilities, Weirdness & Mutations

Your body is rotting away.
You thrive on raw meat.
You are immune to poison.
You have sharp fingernails.
You are carnivorous and can eat meat at any time.
Your flesh is cold resistant. (rC+)
You are immune to negative energy. (rN+++)
You regenerate slowly when monsters are visible.
You are immune to unholy pain and torment.
You can survive without breathing.


Message History

* * * LOW HITPOINT WARNING * * *
You hit the hill giant.
The hill giant is almost dead.
You see here a throwing net.
You see here a throwing net.
The hill giant completely misses you.
You see here a throwing net.
Throwing (i - inventory):
d - 5 throwing nets (quivered)
Press: ? - help, Shift-Dir - straight line, f/p - hill giant
Aim: a hill giant, wielding a giant club (severely wounded, immune to nets)
You throw a throwing net. The throwing net hits the hill giant.
The hill giant is too large for the net to hold!
The hill giant is severely wounded.
You hit the hill giant.
The hill giant is severely wounded.
You block the hill giant's attack.
You hit the hill giant but do no damage.
The hill giant is severely wounded.
The hill giant hits you with a giant club!!
You die...

#.....##..##.#..(..#
#........
#............#.....#
#........
###########..#.....#
#........
.............#.....#
#######..
####÷...........##### ##.
#................. #.
#.........(....... #.
##................. ##
#........@#....:... #
#........C#........ ###
#........(#........ #..
#.........(........ #..
#.......(.....##### #..
#####.............# #..
#...........#.....# #..
#.###########.....########
#.. #.# #.....#......# #..


You could see a hill giant.

Vanquished Creatures
  Pikel (D:7)
  The ghost of cuckmaster the Cleaver, a novice OpBe of Trog (Ossuary)
  Sigmund (D:6)
  A hungry ghost (D:7)
  Menkaure (D:5)
  Duvessa (D:7)
  A slave (D:7)
  An ice beast (D:7)
  A sky beast (D:5)
  An ogre (D:5)
  2 centaurs (D:7)
  8 big kobolds (D:5)
  An elf zombie (D:4)
  3 bullfrogs
  Dowan (D:7)
  A scorpion (D:6)
  6 wights
  2 human zombies (D:4)
  2 jellies
  5 hounds
  A bullfrog skeleton (D:7)
  2 orc priests
  A human skeleton (D:4)
  2 iguanas (D:4)
  2 orc wizards (D:5)
  6 worker ants
  8 big kobold zombies (Ossuary)
  A mummy (Ossuary)
  2 gnolls (D:5)
  6 adders
  A howler monkey skeleton (D:5)
  An adder skeleton (D:7)
  A dart slug (D:2)
  A leopard gecko (D:2)
  14 orcs
  A spectral bat (Ossuary)
  2 ball pythons
  3 giant cockroaches
  2 gnoll zombies (Ossuary)
  4 goblins
  12 hobgoblins
  17 jackals
  4 quokkas
  6 bats
  2 bat simulacra (Ossuary)
  5 frilled lizards
  4 goblin simulacra (Ossuary)
  7 goblin zombies (Ossuary)
  3 hobgoblin zombies (Ossuary)
  48 kobolds
  3 kobold simulacra (Ossuary)
  4 kobold zombies (Ossuary)
  An orc skeleton (D:4)
  3 orc zombies
  5 rats
  3 rat simulacra (Ossuary)
  7 spectral goblins (Ossuary)
  3 spectral kobolds (Ossuary)
  A spectral rat (Ossuary)
240 creatures vanquished.

Vanquished Creatures (others)
  An orc priest (D:3)
  A spectral bat (Ossuary)
  2 gnoll zombies (Ossuary)
  A goblin zombie (Ossuary)
  A kobold zombie (Ossuary)
  A spectral goblin (Ossuary)
7 creatures vanquished.

Grand Total: 247 creatures vanquished

Notes
Turn   | Place    | Note
-------+----------+-------------------------------------------
     0 | D:1      | Peloso the Ghoul Gladiator began the quest for the Orb.
     0 | D:1      | Reached XP level 1. HP: 17/17 MP: 0/0
   200 | D:1      | Reached XP level 2. HP: 23/23 MP: 1/1
   318 | D:1      | Reached skill level 3 in Long Blades
   641 | D:2      | Reached XP level 3. HP: 30/30 MP: 2/2
  1129 | D:2      | Reached XP level 4. HP: 37/37 MP: 3/3
  1553 | D:3      | Reached skill level 1 in Armour
  1653 | D:3      | Reached skill level 4 in Long Blades
  1877 | D:3      | Found a glowing golden altar of the Shining One.
  1929 | D:4      | Reached XP level 5. HP: 42/42 MP: 4/4
  1944 | D:4      | HP: 2/42 [orc priest/mace (7)]
  2129 | D:4      | HP: 2/42 [worker ant (5)]
  2135 | D:4      | Reached XP level 6. HP: 9/50 MP: 5/5
  2219 | D:4      | Reached skill level 5 in Long Blades
  2227 | D:4      | Found a sand-covered staircase.
  2232 | Ossuary  | Entered an ossuary
  2701 | Ossuary  | Noticed cuckmaster's ghost (novice OpBe)
  2758 | Ossuary  | Killed cuckmaster's ghost
  2758 | Ossuary  | Reached skill level 6 in Long Blades
  2758 | Ossuary  | Reached skill level 1 in Stealth
  2758 | Ossuary  | Reached skill level 1 in Shields
  2758 | Ossuary  | Reached XP level 7. HP: 25/57 MP: 6/6
  2966 | D:4      | Reached XP level 8. HP: 54/63 MP: 7/7
  3274 | D:4      | Found a staircase to the Ecumenical Temple.
  3375 | Temple   | Entered the Ecumenical Temple
  3405 | Temple   | Became a worshipper of Warmaster Okawaru
  3562 | D:5      | Entered Level 5 of the Dungeon
  3709 | D:5      | Reached skill level 7 in Long Blades
  4025 | D:5      | Reached * piety under Okawaru
  4234 | D:5      | Reached XP level 9. HP: 72/73 MP: 8/8
  4436 | D:5      | Reached skill level 8 in Long Blades
  4530 | D:5      | Reached skill level 5 in Fighting
  4606 | D:5      | Noticed Menkaure
  4620 | D:5      | Killed Menkaure
  5393 | D:6      | Found a sacrificial altar of Ru.
  5466 | D:6      | Reached ** piety under Okawaru
  5586 | D:6      | Noticed Sigmund
  5601 | D:6      | Killed Sigmund
  6165 | D:7      | Reached skill level 9 in Long Blades
  6177 | D:7      | Noticed Pikel
  6221 | D:7      | Killed Pikel
  6221 | D:7      | Reached *** piety under Okawaru
  6221 | D:7      | Reached XP level 10. HP: 59/84 MP: 9/9
  6383 | D:7      | Noticed Dowan
  6386 | D:7      | Noticed Duvessa
  6387 | D:7      | Noticed a hill giant
  6413 | D:7      | Killed Duvessa
  6433 | D:7      | Reached skill level 5 in Armour
  6441 | D:7      | Killed Dowan
  6592 | D:7      | HP: 4/84 [hill giant/giant club (18)]
  6635 | D:7      | HP: 4/84 [hill giant/giant club (17)]
  6660 | D:7      | Mangled by a hill giant

Skill      XL: |  1  2  3  4  5  6  7  8  9 10 |
---------------+-------------------------------+-----
Long Blades    | 3 4 6 7 9 |  9.5
Dodging        | 3 |  3.8
Armour         | 1 2 3 4 5 |  5.1
Fighting       | 3 4 6 |  6.5
Stealth        | 1 2 |  2.4
Shields        | 1 3 4 |  4.8
Throwing       | 2 |  2.0

Action                   |  1- 3 |  4- 6 |  7- 9 | 10-12 || total
-------------------------+-------+-------+-------+-------++-------
Melee: Long sword        |    77 |   337 |   578 |       ||   992
       Falchion          |       |       |   121 |    65 ||   186
Throw: Throwing net      |       |       |     1 |     3 ||     4
  Use: Scroll            |     4 |     2 |     1 |       ||     7
       Potion            |       |     5 |     1 |       ||     6
 Stab: Invisible         |       |     1 |       |       ||     1
  Eat: Chunk             |     7 |    19 |    17 |     1 ||    44
Armor: Leather armour    |    22 |    20 |       |       ||    42
       Chain mail        |       |   184 |   346 |    16 ||   546
Dodge: Dodged            |    57 |   141 |   157 |    16 ||   371
Block: Shield            |       |    62 |   282 |    40 ||   384
       Rpst.: Long sword |    21 |    48 |    44 |       ||   113
       Falchion          |       |       |     6 |     1 ||     7
